 Dungeon Sprint DCSS version 0.30-a0-122-g2a1322497e (webtiles) character file.

Game seed: 3067827874180684440

10264 mhtbhm the Earth Mage (level 11, -8/60 HPs)
             Began as a Gargoyle Earth Elementalist on Sept 16, 2022.
             Was the Champion of Vehumet.
             Killed from afar by a fire dragon (27 damage)
             ... with a blast of flame
             ... in the Dungeon (Sprint III: "The Ten Rune Challenge").
             The game lasted 00:14:46 (3847 turns).

mhtbhm the Earth Mage (Gargoyle Earth Elementalist) Turns: 3847, Time: 00:14:46

Health: -8/60      AC: 11    Str: 12    XL:     11   Next: 59%
Magic:  13/39      EV: 14    Int: 24    God:    Vehumet [******]
Gold:   663        SH:  5    Dex: 13    Spells: 3/41 levels left

rFire   . . .      SeeInvis .    h - +1 whip "Hell-Harrower" {speed, rN+ rCorr Int+4 Stlth+}
rCold   + + .      Faith    .    (no shield)
rNeg    + + .      Spirit   .    a - +0 robe
rPois   ∞          Reflect  +    (no helmet)
rElec   +          Harm     .    (no cloak)
rCorr   +          Rampage  .    (no gloves)
Will    +....      Clarity  +    s - +0 pair of boots
Stlth   ++++...... NoTele   +    k - amulet of reflection
HPRegen 0.20/turn                g - ring "Laileajy" {rC+ Will+ MP+9 Dex+3}
MPRegen 0.26/turn                (no ring)

@: hasted, very quick
A: sickness immunity, AC +8, negative energy resistance 1, electricity
resistance, torment resistance 1, petrification resistance, clarity, cold
resistance 1
a: Renounce Religion


You were in the Dungeon.
You worshipped Vehumet.
Vehumet was exalted by your worship.
You visited 1 branch You collected 1779 gold pieces.
You spent 1116 gold pieces at shops.

Inventory:

Hand Weapons
 h - the +1 whip "Hell-Harrower" (weapon) {speed, rN+ rCorr Int+4 Stlth+}
   (You bought it in a shop in the Dungeon)

   Attacks with this weapon are significantly faster.
   Int:       It affects your intelligence (+4).
   rN:        It protects you from negative energy.
   rCorr:     It protects you from acid and corrosion.
   Stlth:     It makes you more stealthy.
Missiles
 c - 7 curare-tipped darts (quivered)
Armour
 a - a +0 robe (worn)
 s - a +0 pair of boots (worn)
Jewellery
 g - the ring "Laileajy" (left hand) {rC+ Will+ MP+9 Dex+3}
   (You bought it in a shop in the Dungeon)

   [ring of magical power]

   Dex:       It affects your dexterity (+3).
   rC:        It protects you from cold.
   MP:        It affects your magic capacity (+9).
   Will:      It increases your willpower.
 k - an amulet of reflection (around neck)
Wands
 o - a wand of digging (5)
 r - a wand of polymorph (12)
Scrolls
 d - 10 scrolls of identify
 j - 3 scrolls of torment
 m - a scroll of vulnerability
Potions
 b - a potion of magic
 f - a potion of berserk rage
 i - a potion of invisibility {unknown}
 l - 3 potions of flight
 n - 4 potions of mutation
 q - a potion of might
Miscellaneous
 p - a piece from Xom's chessboard (15/15)


   Skills:
 + Level 3.4 Fighting
 + Level 6.3 Dodging
 + Level 5.8 Stealth
 + Level 15.6 Spellcasting
 + Level 11.8 Conjurations
 + Level 3.0 Transmutations
 + Level 3.4 Air Magic
 + Level 19.6 Earth Magic
 + Level 3.8 Poison Magic
 + Level 0.4 Evocations


You had 3 spell levels left.
You knew the following spells:

 Your Spells              Type           Power      Damage    Failure   Level
a - Sandblast             Erth           100%       2d20      0%          1
b - Passwall              Tmut/Erth      54%        N/A       1%          2
c - Stone Arrow           Conj/Erth      100%       3d13      0%          3
d - Petrify               Tmut/Erth      65%        N/A       1%          4
e - Orb of Destruction    Conj           33%        9d10      5%          7
f - Searing Ray           Conj           100%       2d8       1%          2
g - Mephitic Cloud        Conj/Pois/Air  49%        N/A       1%          3
h - Fireball              Conj/Fire      23%        3d11      1%          5
i - Iron Shot             Conj/Erth      38%        9d8       1%          6
j - Freezing Cloud        Conj/Ice/Air   21%        6-21      2%          5

Your spell library contained the following spells:

 Spells                   Type           Power      Damage    Failure   Level
 Summon Guardian Golem    Hex/Summ       18%        N/A       9%          3
 Spellforged Servitor     Conj/Summ      23%        N/A       45%         7


Dungeon Overview and Level Annotations

Branches:
Dungeon (1/1)

Altars:
Cheibriados
Dithmenos
Elyvilon
Fedhas
Gozag
Hepliaklqana
Kikubaaqudgha
Makhleb
Nemelex Xobeh
Okawaru
Qazlal
Ru
Sif Muna
Trog
Uskayaw
Vehumet
Wu Jian
Xom
Yredelemnul
Zin
The Shining One
Jiyva
Lugonu

Shops:
D (*::![?(:=((


Innate Abilities, Weirdness & Mutations

You are immune to sickness and miasma.
Your stone body is resilient. (AC +8)
You are immune to poison.
You resist negative energy. (rN+)
You are resistant to electric shocks. (rElec)
You are resistant to unholy torment.
You are immune to petrification.
You possess an exceptional clarity of mind.
Your flesh is cold resistant. (rC+)


Message History

Aiming: Iron Shot (dangerous; 1% risk of failure)
Press: ? - help, Shift-Dir - straight line, f/p - slime creature
Aim: a slime creature (almost dead, 95% to hit)
The iron shot hits the slime creature!!!
You kill the slime creature!
Vehumet accepts your kill.
You feel your power returning.
Unknown command.
Casting: Iron Shot (dangerous; 1% risk of failure)
Confirm with . or Enter, or press ? or * to list all spells.
Aiming: Iron Shot (dangerous; 1% risk of failure)
Press: ? - help, Shift-Dir - straight line, f - fire dragon
Aim: a fire dragon (82% to hit)
The iron shot misses the fire dragon.
The fire dragon bites you! The fire dragon claws you.
The fire dragon misses you.
Unknown command.
Unknown command.
Casting: Iron Shot (dangerous; 1% risk of failure)
Confirm with . or Enter, or press ? or * to list all spells.
Aiming: Iron Shot (dangerous; 1% risk of failure)
Press: ? - help, Shift-Dir - straight line, f/p - fire dragon
Aim: a fire dragon (82% to hit)
The iron shot hits the fire dragon!!
The fire dragon is moderately wounded.
The fire dragon bites you! The fire dragon claws you.
The fire dragon tramples you.
You stumble backwards!
Unknown command.
Unknown command.
Okay, then.
Okay, then.
Okay, then.
You feel yourself speed up.
The fire dragon bites you but does no damage.
The fire dragon claws you but does no damage.
The fire dragon tramples you.
* * * LOW HITPOINT WARNING * * *
You stumble backwards!
The fire dragon breathes flames at you. The blast of flame hits you!!
You die...

######## .'.≈≈≈≈#
.#.≈≈≈≈#
.#.#≈≈≈## ##§#
§§≈###≈
PP§###§≈§≈≈§
############
§PP#§#c§§§≈§
#...#|..#..#
§..#§###≈§≈≈
#...#...#..#
.).#○○☼# ≈
##@###'##..#
####☼☼§###
###....D..'..#
§☼§☼§☼.☼☼#
##.#.#####.####
############..'.#
+.#
)P.........'..###
#.+
.P.)...########
#.#
.....###.∩⌠⌠∩.#
#.#
)).###.#.∩⌠⌠..#
#.+
.###..§#.∩∩∩∩.#
#.#


You could see a fire dragon (catching breath).

Vanquished Creatures
  Harold (D)
  A centaur warrior (D)
  Erica (D)
  2 orc high priests (D)
  A skeletal warrior (D)
  An obsidian statue (D)
  Joseph (D)
  A deep elf pyromancer (D)
  An orc sorcerer (D)
  2 cane toads (D)
  An unseen horror (D)
  A rime drake (D)
  A komodo dragon (D)
  3 wandering mushrooms (D)
  4 spriggan defenders (D)
  2 slime creatures (D)
  A snapping turtle (shapeshifter) (D)
  A shadow (D)
  A spatial vortex (D)
  A floating eye (D)
  An orc warrior (D)
  A swamp drake (D)
  2 centaurs (D)
  An earth elemental (D)
  A scorpion (D)
  A necrophage (D)
  A water elemental (D)
  A jelly (D)
  4 orc priests (D)
  A wizard (D)
  Jessica (D)
  3 orc wizards (D)
  A necromancer (D)
  A kobold demonologist (D)
  3 humans (D)
  11 orcs (D)
  2 endoplasms (D)
  A rat (D)
65 creatures vanquished.

Vanquished Creatures (others)
  11 plants (D)
11 creatures vanquished.

Grand Total: 76 creatures vanquished

Notes
Turn   | Place    | Note
-------+----------+-------------------------------------------
     0 | D        | mhtbhm the Gargoyle Earth Elementalist began the quest for
                  | the Orb.
     0 | D        | Reached XP level 1. HP: 10/10 MP: 3/3
     3 | D        | Reached skill level 4 in Earth Magic
    35 | D        | Noticed Jessica
    37 | D        | Killed Jessica
    38 | D        | Reached skill level 6 in Earth Magic
    38 | D        | Reached XP level 2. HP: 15/15 MP: 0/6
    38 | D        | Reached XP level 3. HP: 19/19 MP: 0/7
   111 | D        | Learned a level 2 spell: Passwall
   115 | D        | Learned a level 3 spell: Stone Arrow
   347 | D        | Noticed a scorpion
   350 | D        | Killed a scorpion
   351 | D        | Reached skill level 1 in Transmutations
   351 | D        | Reached skill level 8 in Earth Magic
   351 | D        | Reached XP level 4. HP: 24/24 MP: 3/10
   356 | D        | Learned a level 4 spell: Petrify
   418 | D        | Gained mutation: Your flesh is cold resistant. (rC+)
                  | [potion of mutation]
   418 | D        | Gained mutation: You occasionally lose the ability to read
                  | scrolls when taking damage. [potion of mutation]
   418 | D        | Gained mutation: Your natural rate of healing is unusually
                  | fast. [potion of mutation]
   419 | D        | Lost mutation: Your natural rate of healing is unusually
                  | fast. [potion of mutation]
   419 | D        | Lost mutation: You occasionally lose the ability to read
                  | scrolls when taking damage. [potion of mutation]
   419 | D        | Gained mutation: You possess an exceptional clarity of
                  | mind. [potion of mutation]
   420 | D        | Noticed a water elemental
   425 | D        | Killed a water elemental
   426 | D        | Reached skill level 5 in Spellcasting
   426 | D        | Reached skill level 9 in Earth Magic
   426 | D        | Reached XP level 5. HP: 15/28 MP: 1/12
   566 | D        | Found a radiant altar of Vehumet.
   566 | D        | Found a shimmering blue altar of Sif Muna.
   566 | D        | Found an ancient bone altar of Kikubaaqudgha.
   568 | D        | Reached skill level 1 in Conjurations
   568 | D        | Reached skill level 10 in Earth Magic
   574 | D        | Became a worshipper of Vehumet
   644 | D        | Found a basalt altar of Yredelemnul.
   644 | D        | Found a shadowy altar of Dithmenos.
   644 | D        | Found a sacrificial altar of Ru.
   647 | D        | Reached XP level 6. HP: 32/32 MP: 8/15
   648 | D        | Reached skill level 11 in Earth Magic
   724 | D        | Found a glowing silver altar of Zin.
   724 | D        | Found a glowing golden altar of the Shining One.
   724 | D        | Found a white marble altar of Elyvilon.
   724 | D        | Noticed a deep elf pyromancer
   731 | D        | Killed a deep elf pyromancer
   731 | D        | Reached * piety under Vehumet
   731 | D        | Offered knowledge of Foxfire by Vehumet.
   732 | D        | Reached skill level 5 in Stealth
   732 | D        | Reached skill level 13 in Earth Magic
   732 | D        | Reached XP level 7. HP: 22/37 MP: 1/19
   860 | D        | Learned a level 7 spell: Orb of Destruction
   866 | D        | Found a hide-covered altar of Uskayaw.
   866 | D        | Found an iron altar of Okawaru.
   866 | D        | Found a bloodstained altar of Trog.
   866 | D        | Found an ornate altar of the Wu Jian Council.
   866 | D        | Noticed a human
   866 | D        | Noticed a human
   875 | D        | Killed a human
   876 | D        | Reached skill level 1 in Fighting
   876 | D        | Reached XP level 8. HP: 42/43 MP: 4/21
   904 | D        | Reached skill level 14 in Earth Magic
  1034 | D        | Noticed a shadow
  1036 | D        | Offered knowledge of Searing Ray by Vehumet.
  1036 | D        | Reached ** piety under Vehumet
  1037 | D        | Killed a shadow
  1038 | D        | Reached skill level 10 in Spellcasting
  1038 | D        | Reached skill level 5 in Conjurations
  1158 | D        | Learned a level 2 spell: Searing Ray
  1158 | D        | Found a blossoming altar of Fedhas.
  1158 | D        | Found a stormy altar of Qazlal.
  1158 | D        | Found a snail-covered altar of Cheibriados.
  1158 | D        | Found a burning altar of Makhleb.
  1158 | D        | Found a shimmering altar of Xom.
  1162 | D        | Found a hazy altar of Hepliaklqana.
  1162 | D        | Found an opulent altar of Gozag.
  1162 | D        | Found a sparkling altar of Nemelex Xobeh.
  1162 | D        | Found a corrupted altar of Lugonu.
  1162 | D        | Found a viscous altar of Jiyva.
  1236 | D        | Noticed Erica
  1257 | D        | Killed Erica
  1257 | D        | Offered knowledge of Mephitic Cloud by Vehumet.
  1258 | D        | Reached skill level 15 in Earth Magic
  1258 | D        | Reached XP level 9. HP: 12/48 MP: 10/24
  1486 | D        | Learned a level 3 spell: Mephitic Cloud
  1495 | D        | Found Rotijur's Antique Weapon Shoppe.
  1496 | D        | Noticed an orc sorcerer
  1497 | D        | Noticed an orc high priest
  1497 | D        | Paralysed by an orc sorcerer for 3 turns
  1501 | D        | Killed an orc sorcerer
  1501 | D        | Reached *** piety under Vehumet
  1502 | D        | Reached skill level 16 in Earth Magic
  1504 | D        | Offered knowledge of Iskenderun's Mystic Blast by Vehumet.
  1509 | D        | Reached **** piety under Vehumet
  1511 | D        | Noticed a sun demon
  1514 | D        | Reached ***** piety under Vehumet
  1518 | D        | Noticed a smoke demon
  1520 | D        | Noticed a rust devil
  1527 | D        | Noticed a soul eater
  1543 | D        | Killed an orc high priest
  1544 | D        | Reached skill level 5 in Dodging
  1544 | D        | Reached skill level 1 in Air Magic
  1544 | D        | Reached skill level 1 in Poison Magic
  1655 | D        | Offered knowledge of Fireball by Vehumet.
  1662 | D        | Learned a level 5 spell: Fireball
  1835 | D        | Offered knowledge of Iron Shot by Vehumet.
  1843 | D        | Learned a level 6 spell: Iron Shot
  2020 | D        | Noticed a centaur warrior
  2027 | D        | Killed a centaur warrior
  2028 | D        | Reached XP level 10. HP: 41/54 MP: 5/27
  2029 | D        | Reached skill level 17 in Earth Magic
  2172 | D        | Killed an unseen horror
  2302 | D        | Reached ****** piety under Vehumet
  2506 | D        | Noticed Harold
  2506 | D        | Noticed Joseph
  2512 | D        | Killed Harold
  2521 | D        | Killed Joseph
  2522 | D        | Reached skill level 18 in Earth Magic
  2737 | D        | Noticed a cane toad
  2737 | D        | Noticed a cane toad
  2739 | D        | Killed a cane toad
  2739 | D        | Offered knowledge of Conjure Ball Lightning by Vehumet.
  2740 | D        | Reached skill level 10 in Conjurations
  2740 | D        | Reached XP level 11. HP: 48/59 MP: 17/29
  3216 | D        | Offered knowledge of Freezing Cloud by Vehumet.
  3231 | D        | Learned a level 5 spell: Freezing Cloud
  3232 | D        | Noticed a skeletal warrior
  3236 | D        | Killed a skeletal warrior
  3237 | D        | Reached skill level 15 in Spellcasting
  3237 | D        | Reached skill level 19 in Earth Magic
  3346 | D        | Noticed an obsidian statue
  3358 | D        | Killed an obsidian statue
  3452 | D        | Found Fonouw's Magic Scroll Emporium.
  3452 | D        | Found Tyisoiv's Book Shop.
  3452 | D        | Found Zuegy's Weapon Shoppe.
  3452 | D        | Found Reenerah's Antique Armour Boutique.
  3452 | D        | Found Utwegus's Antique Weapon Emporium.
  3452 | D        | Found Ynlenic's Antique Weapon Shop.
  3452 | D        | Found Noca's Jewellery Boutique.
  3453 | D        | Found Xulac's Distillery.
  3453 | D        | Found Kohudwust's Book Shoppe.
  3453 | D        | Found Vyihapp's Book Shop.
  3453 | D        | Found Musi's General Store.
  3503 | D        | Bought the ring "Laileajy" {rC+ Will+ MP+9 Dex+3} for 550
                  | gold pieces
  3503 | D        | Bought an amulet of reflection for 360 gold pieces
  3515 | D        | Bought a potion of might for 56 gold pieces
  3538 | D        | Bought a faintly glowing whip for 150 gold pieces
  3538 | D        | Identified the +1 whip "Hell-Harrower" {speed, rN+ rCorr
                  | Int+4 Stlth+} (You bought it in a shop in the Dungeon)
  3737 | D        | Noticed a cyclops
  3742 | D        | a cyclops changed into a snapping turtle
  3837 | D        | Noticed a fire dragon
  3847 | D        | Killed from afar by a fire dragon

Illustrated notes

Levels and vault maps discovered:
D:        dungeon_sprint_mu [sprint_mu_entry_forest, sprint_mu_temple_rooms,
          sprint_mu_d1_horrors, sprint_mu_d2_genie, sprint_mu_d3_branching,
          sprint_mu_orc_legion, sprint_mu_elf_gauntlet, sprint_mu_hive_nellie,
          sprint_mu_lair_fedhas, sprint_mu_vaults_butterflies,
          sprint_mu_slime_circle, sprint_mu_shoals_kraken,
          sprint_mu_snake_twists, sprint_mu_blade_basic,
          sprint_mu_crypt_chambers, sprint_mu_tomb_spiral,
          sprint_mu_vestibule_basic, sprint_mu_gehenna_hellfire,
          sprint_mu_dis_giant, sprint_mu_tartarus_statrot,
          sprint_mu_cocytus_islands, sprint_mu_zot1]

Skill      XL: |  1  2  3  4  5  6  7  8  9 10 11 |
---------------+----------------------------------+-----
Earth Magic    | 6 8 9 10 13 15 16 18 19 | 19.6
Dodging        | 2 3 4 5 6 |  6.3
Spellcasting   | 3 4 5 6 9 11 13 14 15 | 15.6
Stealth        | 4 5 |  5.8
Transmutations | 1 2 3 |  3.0
Conjurations   | 1 4 5 7 10 11 | 11.8
Fighting       | 1 2 3 |  3.4
Air Magic      | 1 3 |  3.4
Poison Magic   | 2 3 |  3.8
Evocations     | |  0.4

Action                   |  1- 3 |  4- 6 |  7- 9 | 10-12 || total
-------------------------+-------+-------+-------+-------++-------
Melee: Club              |     4 |       |       |       ||     4
       Whip              |       |       |       |     7 ||     7
 Cast: Sandblast         |    11 |     8 |    16 |     5 ||    40
       Stone Arrow       |     2 |    11 |    26 |    23 ||    62
       Petrify           |       |       |     4 |       ||     4
       Searing Ray       |       |       |     5 |       ||     5
       Mephitic Cloud    |       |       |     7 |     7 ||    14
       Fireball          |       |       |     1 |       ||     1
       Iron Shot         |       |       |       |    40 ||    40
Evoke: Piece from Xom's  |       |       |       |     1 ||     1
  Use: Potion            |       |     2 |     5 |     2 ||     9
       Scroll            |       |       |       |     3 ||     3
Armor: Robe              |     1 |     1 |     7 |    11 ||    20
Dodge: Dodged            |     4 |     6 |    24 |    15 ||    49
Block: Other             |       |       |       |     1 ||     1

Table legend: (Time is in decaauts)
 A = Elapsed time spent in this place.
 B = Non-inter-level travel time spent in this place.
 C = Inter-level travel time spent in this place.
 D = Time resting spent in this place.
 E = Time spent auto-exploring this place.
 F = Levels seen in this place.
 G = Mean time per level.
                   A        B        C        D        E       F      G
               +--------+--------+--------+--------+--------+-----+--------+
         Total |   3890 |   3890 |      0 |   2786 |      1 |   1 | 3890.0 |
       Dungeon |   3890 |   3890 |      0 |   2786 |      1 |   1 | 3890.0 |
               +--------+--------+--------+--------+--------+-----+--------+

Top non-repeatable levels by time:
       D: 3890 daAuts
